Map: [ESL] Goldenaura

Players

Clem

  • Race: Terran Terran
  • Spawn Location: 5:00

GuMiho - Winner!

  • Race: Terran Terran
  • Spawn Location: 12:00

Event: ESL SC2 Masters 2023 Winter (Finals)

VOD

Have the link to the VOD?

Description

Time

  • Played on: Dec. 15, 2023, 11:23 a.m.
  • Length: 11:41

All games in this series

Show
View Real Time Build Order
Export as new Build Order

Clem Terran 

Build Orders: Cyclone Opening 

Get SALT Encoding   

  12  0:00  SCV  
  13  0:12  SCV  
  14  0:17  Supply Depot  
  14  0:24  SCV  
  15  0:38  SCV  
  15  0:39  Barracks  
  16  0:44  Refinery  
  16  0:50  SCV  
  16  0:55  Refinery  
  17  1:02  SCV  
  18  1:14  SCV  
  19  1:26  Orbital Command, Reaper  
  19  1:28  Supply Depot  
  20  1:42  Factory  
  20  1:52  SCV  
  21  1:58  Barracks Reactor  
  21  2:04  SCV  
  22  2:17  Command Center  
  22  2:20  SCV  
  23  2:26  Cyclone  
  25  2:32  SCV  
  25  2:35  Reaper x2  
  28  2:40  Supply Depot  
  28  2:44  SCV  
  29  2:52  Starport  
  29  2:56  SCV  
  30  3:08  SCV  
  30  3:10  Cyclone  
  30  3:12  Cyclone  
  35  3:16  Refinery  
  35  3:20  SCV  
  36  3:28  Viking  
  38  3:34  Orbital Command  
  38  3:37  SCV  
  39  3:42  Barracks Tech Lab  
  39  3:49  Supply Depot, SCV  
  39  3:53  Cyclone  
  42  3:59  Cyclone  
  42  4:00  SCV  
  43  4:03  SCV  
  43  4:10  Raven  
  43  4:11  Interference Matrix  
  43  4:13  SCV  
  43  4:16  SCV  
  47  4:25  Cyclone  
  47  4:26  SCV  
  47  4:28  SCV  
  47  4:31  Cyclone, Supply Depot  
  53  4:34  Barracks Tech Lab  
  53  4:38  SCV  
  53  4:40  SCV  
  53  4:44  Raven  
  57  4:50  SCV  
  57  4:52  SCV  
  59  4:55  Command Center  
  59  5:02  Cyclone  
  59  5:03  Cyclone  
  59  5:04  SCV  
  59  5:06  SCV  
  65  5:09  Supply Depot  
  65  5:16  SCV  
  65  5:18  SCV  
  67  5:21  Raven  
  69  5:28  SCV  
  69  5:30  SCV  
  69  5:32  Supply Depot  
  69  5:33  Marine  
  69  5:34  Barracks  
  72  5:35  Barracks  
  72  5:39  Refinery  
  72  5:40  SCV  
  74  5:42  SCV  
  74  5:46  Engineering Bay  
  74  5:48  Engineering Bay  
  74  5:52  SCV  
  74  5:53  Marine  
  74  5:57  SCV  
  77  6:00  Siege Tank  
  77  6:04  Bunker, SCV  
  80  6:05  Starport Reactor  
  80  6:07  Orbital Command  
  80  6:08  Supply Depot  
  80  6:10  SCV  
  80  6:11  Marine  
  82  6:17  SCV  
  85  6:29  Marine  
  85  6:30  Orbital Command  
  85  6:31  Marine  
  83  6:47  Marine  
  83  6:53  Marine  
  84  6:57  Marine  
  82  7:08  Orbital Command  
  82  7:11  Marine  
  42  7:49  SCV  
  42  7:50  Orbital Command  
  27  7:52  Orbital Command  
  27  8:01  SCV  
  28  8:07  Barracks Reactor  
  28  8:13  SCV  
  28  8:17  SCV  
  30  8:22  SCV  
  31  8:36  SCV  
  31  8:38  SCV  
  33  8:43  Marine x2  
  33  8:47  Supply Depot  
  35  8:48  SCV  
  35  8:50  SCV  
  35  8:57  Orbital Command  
  35  9:01  Marine x2, SCV  
  25  9:21  Orbital Command  
  25  9:27  SCV  
  25  9:31  Supply Depot  
  24  9:39  SCV  
  24  10:02  SCV  
  24  10:16  Barracks  
  24  10:18  Barracks  
  24  10:19  Barracks x2  
Show
View Real Time Build Order
Export as new Build Order

GuMiho Terran - Winner!

Build Orders: Cyclone Opening 

Get SALT Encoding   

  12  0:00  SCV  
  13  0:12  SCV  
  14  0:17  Supply Depot  
  14  0:24  SCV  
  15  0:38  SCV  
  15  0:39  Barracks  
  16  0:43  Refinery  
  16  0:50  SCV  
  16  0:53  Refinery  
  17  1:02  SCV  
  18  1:15  SCV  
  19  1:26  Reaper  
  19  1:27  Orbital Command, Supply Depot  
  20  1:40  Factory  
  20  1:52  SCV  
  21  1:58  Reaper  
  22  2:04  SCV  
  23  2:14  Command Center  
  23  2:18  SCV  
  24  2:24  Cyclone  
  26  2:30  Reaper  
  26  2:31  SCV  
  26  2:35  Supply Depot  
  28  2:43  SCV  
  29  2:47  Starport  
  29  2:55  SCV  
  29  2:58  Factory Tech Lab  
  30  3:03  Barracks Reactor  
  30  3:07  SCV  
  31  3:13  Refinery  
  31  3:19  SCV  
  32  3:21  Siege Tank  
  35  3:27  Orbital Command, Starport Tech Lab  
  35  3:32  SCV  
  35  3:34  Supply Depot  
  36  3:38  Marine  
  36  3:39  Marine  
  38  3:44  SCV  
  38  3:48  Raven  
  41  3:53  SCV  
  42  3:56  SCV  
  41  4:05  Marine x2  
  41  4:07  Siege Tank  
  41  4:08  SCV  
  47  4:10  SCV  
  47  4:14  Supply Depot  
  48  4:20  SCV  
  48  4:22  Raven, SCV  
  48  4:24  Marine x2  
  53  4:28  Interference Matrix  
  54  4:31  Supply Depot  
  54  4:32  SCV  
  54  4:34  SCV  
  56  4:44  Siege Tank, SCV  
  60  4:45  Marine x2  
  60  4:48  Supply Depot  
  60  4:49  SCV  
  63  4:56  SCV  
  64  5:01  SCV  
  64  5:02  Raven  
  64  5:03  Marine x2  
  69  5:08  SCV  
  69  5:11  Supply Depot  
  69  5:13  SCV  
  71  5:18  Siege Tank  
  74  5:23  SCV  
  74  5:26  SCV  
  75  5:29  Marine x2  
  75  5:31  Command Center  
  75  5:35  SCV  
  78  5:38  SCV  
  79  5:42  Barracks  
  79  5:43  Starport Reactor  
  79  5:46  Barracks  
  79  5:47  SCV  
  80  5:50  Barracks, SCV  
  81  5:59  Siege Tank  
  81  6:00  SCV  
  81  6:02  SCV  
  81  6:03  Marine  
  87  6:12  Supply Depot x2  
  87  6:13  SCV  
  87  6:14  SCV  
  81  6:20  Marine  
  51  6:53  Siege Tank  
  54  6:54  Marine  
  49  7:34  Orbital Command  
  48  7:48  Cyclone x2  
  51  8:01  SCV  
  52  8:20  Cyclone  
Tags
 
Add a new tag
Caveats
  • Supply blocks, unpowered buildings, or Contaminate may cause inaccurate times.
  • Supply counts are checked every 10 seconds.